 Dungeon Crawl Stone Soup version 0.31-a0-743-g45f7035092 (webtiles) character file.

Game seed: 1312859169358154818

1738 Newt the Fighter (level 8, -4/63 HPs)
             Began as a Demonspawn Gladiator on Sept 12, 2023.
             Was a Believer of Hepliaklqana.
             Shot with an arrow by a centaur (9 damage)
             ... on level 6 of the Dungeon.
             The game lasted 00:05:19 (5916 turns).

Newt the Fighter (Demonspawn Gladiator)             Turns: 5916, Time: 00:05:20

Health: -4/63      AC:  6    Str: 17    XL:     8   Next: 77%
Magic:  17/17      EV: 15    Int: 15    God:    Hepliaklqana [**....]
Gold:   290        SH:  0    Dex: 15    Spells: 7/7 levels left

rFire   + . .        a - +0 rapier
rCold   . . .        (no shield)
rNeg    . . .        b - +0 leather armour
rPois   .            (helmet restricted)
rElec   .            (no cloak)
rCorr   +            p - +0 pair of gloves
SInv    .            D - +0 pair of boots {rampage}
Will    .....        q - amulet "Reon" {RegenMP rF+ Regen+ rCorr}
Stlth   +            f - ring of magical power
HPRegen 1.10/turn    t - +6 ring of intelligence
MPRegen 0.55/turn

%: rampage
@: no status effects
A: reduced essence, antennae 1, claws 1, hooves 2, spiny 2
a: Renounce Religion, Recall Ancestor, Ancestor Identity


You were on level 6 of the Dungeon.
You worshipped Hepliaklqana.
Hepliaklqana was pleased with you.
You visited 2 branches of the dungeon, and saw 7 of its levels.

You collected 290 gold pieces.

Inventory:

Hand Weapons
 a - a +0 rapier (weapon)
Missiles
 e - a javelin
 g - 9 boomerangs (quivered)
Armour
 b - a +0 leather armour (worn)
 c - a +1 helmet
 j - a +0 pair of boots
 p - a +0 pair of gloves (worn)
 w - a +1 ring mail of fire resistance
 D - a +0 pair of boots of rampaging (worn)
Jewellery
 f - a ring of magical power (left hand)
 o - a ring of resist corrosion
 q - an amulet "Reon" (around neck) {RegenMP rF+ Regen+ rCorr}
   (You acquired it on level 4 of the Dungeon)

   [amulet of magic regeneration]

   RegenMP:   It increases your rate of magic regeneration.
   rF+:       It protects you from fire.
   Regen+:    It increases your rate of health regeneration.
   rCorr:     It protects you from acid and corrosion.
 r - an amulet of guardian spirit
 t - a +6 ring of intelligence (right hand)
 x - an amulet of magic regeneration
 A - a ring of magical power
Wands
 E - a wand of digging (2)
Scrolls
 d - a scroll of enchant weapon {unknown}
 u - 2 scrolls of fog
 v - a scroll of amnesia {unknown}
 y - 2 scrolls of fear {unknown}
 C - a scroll of identify
 F - a scroll of butterflies {unknown}
Potions
 h - a potion of mutation
 i - 2 potions of heal wounds
 k - a potion of invisibility
 l - 2 potions of degeneration
 m - a potion of attraction
 n - 2 potions of resistance
 s - a potion of berserk rage {unknown}
 z - a potion of lignification {unknown}
 B - a potion of curing


   Skills:
 - Level 8.8 Fighting
 - Level 4.0 Short Blades
 - Level 1.7 Throwing
 - Level 7.6 Armour
 - Level 8.1 Dodging
 + Level 1.8 Evocations


You had 7 spell levels left.
You didn't know any spells.
Your spell library contained the following spells:

 Spells                   Type           Power      Damage    Failure   Level
 Sublimation of Blood     Necr           0%         N/A       43%         2
 Wereblood                Tmut           0%         N/A       43%         2
 Gell's Gravitas          Tloc           0%         N/A       67%         3
 Teleport Other           Tloc           0%         N/A       67%         3
 Dispersal                Tloc           0%         N/A       100%        6
 Summon Hydra             Summ           0%         N/A       100%        7


Dungeon Overview and Level Annotations

Branches:
Dungeon (6/15)             Temple (1/1) D:4

Altars:
Ashenzari
Cheibriados
Dithmenos
Fedhas
Hepliaklqana
Nemelex Xobeh
Qazlal
Ru
Trog
Uskayaw
Vehumet
Wu Jian
Xom
Yredelemnul

Shops:
D:6 :


Innate Abilities, Weirdness & Mutations

Your life essence is reduced to manifest your ancestor. (-10% HP)
You have a pair of small antennae on your head.
You have sharp fingernails.
You have hoof-like feet.
You are mostly covered in sharp spines.


Message History

The centaur shoots an arrow.
The arrow hits you! The arrow freezes you.
The centaur shoots an arrow.
The arrow hits you! The arrow freezes you.
You rampage towards the ogre!
Found a scroll labelled XUAJIXK KOYCASOMN.
You hit the ogre. You punch the ogre.
The ogre is moderately wounded.
The ogre is struck by your spines.
The ogre hits you with a +0 giant club!!
You are too injured to fight recklessly!
You are too injured to fight recklessly!
You are too injured to fight recklessly!
You are too injured to fight recklessly!
You are too injured to fight recklessly!
You are too injured to fight recklessly!
You are too injured to fight recklessly!
You are too injured to fight recklessly!
You are too injured to fight recklessly!
You are too injured to fight recklessly!
You are too injured to fight recklessly!
Unknown command.
You are too injured to fight recklessly!
You are too injured to fight recklessly!
Unknown command.
You hit the ogre.
The ogre is heavily wounded.
You hit the ogre.
The ogre is heavily wounded.
The centaur shoots an arrow.
The arrow hits you.
* * * LOW HITPOINT WARNING * * *
The arrow freezes you.
* * * LOW HITPOINT WARNING * * *
The ogre is struck by your spines. The ogre barely misses you.
The centaur shoots an arrow.
The arrow hits you!
* * * LOW HITPOINT WARNING * * *
The arrow freezes you.
* * * LOW HITPOINT WARNING * * *
Thabo hits the ogre with a +0 flail.
Unknown command.
The centaur shoots an arrow.
The arrow hits you!
You die...

..# #....#####..#
..# #..........#
..# #..........#
.## #.........##
## #.......###
#......##
##.....##
##########......##
..#.........c..$@#
#...........###.R#
#...........#
##O.#
#....#......##
#..%#
.........c...#
##....
..........#....
...... ........###
... ......
.........# ......
.........# ...?.


You could see the friendly Thabo the knight, an ogre (ally target) and a
centaur.

Vanquished Creatures
  3 water moccasins
  An ogre (D:6)
  2 phantoms
  A scorpion (D:4)
  A howler monkey (D:5)
  A hound (D:6)
  A jelly (D:5)
  Ijyb (D:3)
  An orc wizard (D:5)
  A mummy (D:4)
  2 gnolls (D:5)
  4 adders
  2 ufetubi
  2 dart slugs
  4 orcs
  3 ball pythons
  6 bats
  5 endoplasms
  A giant cockroach (D:2)
  8 goblins
  7 hobgoblins
  4 jackals (D:1)
  3 quokkas
  3 frilled lizards
  6 kobolds
  2 kobold zombies (D:4)
  2 orc zombies (D:4)
  5 rats
82 creatures vanquished.

Vanquished Creatures (collateral kills)
  A kobold brigand (D:6)
  A gnoll (D:5)
2 creatures vanquished.

Grand Total: 84 creatures vanquished

Notes
Turn   | Place    | Note
-------+----------+-------------------------------------------
     0 | D:1      | Newt the Demonspawn Gladiator began the quest for the Orb.
     0 | D:1      | Reached XP level 1. HP: 16/16 MP: 1/1
   386 | D:1      | Found a faded altar of an unknown god.
   397 | D:1      | Discovered your monstrous ancestry.
   397 | D:1      | Gained mutation: You have large cloven feet. [demonic
                  | ancestry]
   397 | D:1      | Reached XP level 2. HP: 23/23 MP: 2/2
   978 | D:2      | Gained mutation: You have sharp fingernails. [demonic
                  | ancestry]
   978 | D:2      | Reached XP level 3. HP: 29/29 MP: 3/3
  1808 | D:3      | Noticed Ijyb
  1810 | D:3      | Paralysed by Ijyb for 2 turns
  1814 | D:3      | Paralysed by Ijyb for 5 turns
  1820 | D:3      | Paralysed by Ijyb for 4 turns
  1835 | D:3      | Paralysed by Ijyb for 3 turns
  1844 | D:3      | Paralysed by Ijyb for 2 turns
  1856 | D:3      | Paralysed by Ijyb for 2 turns
  1869 | D:3      | Paralysed by Ijyb for 2 turns
  1877 | D:3      | Paralysed by Ijyb for 4 turns
  1883 | D:3      | Paralysed by Ijyb for 5 turns
  1895 | D:3      | Paralysed by Ijyb for 2 turns
  1909 | D:3      | Killed Ijyb
  1910 | D:3      | Gained mutation: You have hoof-like feet. [demonic
                  | ancestry]
  1910 | D:3      | Reached XP level 4. HP: 23/38 MP: 4/4
  2985 | D:4      | Identified a scroll of acquirement
  2986 | D:4      | Acquired an amulet "Reon" {RegenMP rF+ Regen+ rCorr}
  3092 | D:4      | Found a staircase to the Ecumenical Temple.
  3186 | Temple   | Entered the Ecumenical Temple
  3258 | Temple   | Became a worshipper of Hepliaklqana the Forgotten
  3366 | D:4      | Reached skill level 5 in Fighting
  3679 | D:4      | Noticed a phantom
  3719 | D:4      | Killed a phantom
  3720 | D:4      | Reached XP level 5. HP: 41/44 MP: 5/5
  3859 | D:5      | Entered Level 5 of the Dungeon
  3872 | D:5      | Noticed a water moccasin
  3893 | D:5      | Killed a water moccasin
  3894 | D:5      | Gained mutation: You have a pair of small antennae on your
                  | head. [demonic ancestry]
  3894 | D:5      | Reached XP level 6. HP: 17/51 MP: 6/6
  3895 | D:5      | Noticed a water moccasin
  3904 | D:5      | HP: 1/51 [scorpion (4)]
  4197 | D:5      | Killed a water moccasin
  4198 | D:5      | Gained mutation: You are partially covered in sharp spines.
                  | [demonic ancestry]
  4198 | D:5      | Reached XP level 7. HP: 16/56 MP: 7/7
  4362 | D:5      | Reached * piety under Hepliaklqana
  4942 | D:5      | Reached ** piety under Hepliaklqana
  4943 | D:5      | Remembered your ancestor Thabo as a knight
  5373 | D:6      | Found Qarr's Book Boutique.
  5589 | D:6      | Gained mutation: You are mostly covered in sharp spines.
                  | [demonic ancestry]
  5589 | D:6      | Reached XP level 8. HP: 63/63 MP: 8/8
  5771 | D:6      | Reached skill level 1 in Evocations
  5916 | D:6      | Shot with an arrow by a centaur

Illustrated notes

Levels and vault maps discovered:
D:1:      eino_arrival_cavern_d, layout_basic, basic_ecumenical_altar
D:2:      layout_loops_ring, corner_web_ring
D:3:      layout_rooms, serial_rivers, chequers_serial_rivers_marsh,
          chequers_serial_rivers_micro_e, chequers_serial_rivers_small_3,
          chequers_serial_rivers_micro_a, chequers_serial_rivers_large_b,
          chequers_serial_rivers_micro_d, corexii_hall_statues_s,
          dk_noncrumbling_2, uniq_ijyb
D:4:      cheibrodos_old_hovel, layout_basic, temple_doors_ab,
          minmay_mini_ossuary
D:5:      layout_layer_cave
D:6:      layout_layer_cave, serial_shops, nicolae_shop_window_shopping
Temple:   minmay_temple_bridge_d

Skill      XL: |  1  2  3  4  5  6  7  8 |
---------------+-------------------------+-----
Fighting       | 3 4 5 8 |  8.8
Short Blades   | 3 4 |  4.0
Armour         | 2 4 7 |  7.6
Dodging        | 3 8 |  8.1
Evocations     | 1 |  1.8
Throwing       | |  1.7

Action                     |  1- 3 |  4- 6 |  7- 9 || total
---------------------------+-------+-------+-------++-------
  Melee: Rapier            |   217 |   164 |    57 ||   438
         Kick              |    10 |       |       ||    10
         Punch             |     3 |     3 |     2 ||     8
  Throw: Boomerang         |     4 |       |       ||     4
         Throwing net      |     3 |       |       ||     3
 Invoke: Ancestor Life: Kn |       |       |     1 ||     1
  Evoke: Wand              |       |     5 |       ||     5
    Use: Scroll            |     8 |     4 |     1 ||    13
         Potion            |     1 |     4 |     2 ||     7
   Stab: Sleeping          |       |     1 |       ||     1
         Paralysed         |       |     5 |       ||     5
 Armour: Leather armour    |   127 |   141 |    40 ||   308
  Dodge: Dodged            |   137 |   120 |    28 ||   285

Table legend: (Time is in decaauts)
 A = Elapsed time spent in this place.
 B = Non-inter-level travel time spent in this place.
 C = Inter-level travel time spent in this place.
 D = Time resting spent in this place.
 E = Time spent auto-exploring this place.
 F = Levels seen in this place.
 G = Mean time per level.
                   A        B        C        D        E       F      G
               +--------+--------+--------+--------+--------+-----+--------+
         Total |   5969 |   5640 |    329 |   1005 |   3737 |   7 |  852.7 |
       Dungeon |   5824 |   5639 |    185 |   1005 |   3737 |   6 |  970.7 |
        Temple |    144 |      1 |    143 |      0 |      0 |   1 |  144.0 |
               +--------+--------+--------+--------+--------+-----+--------+

Top non-repeatable levels by time:
     D:3: 1336 daAuts
     D:5: 1240 daAuts
     D:4: 981 daAuts
     D:1: 929 daAuts
     D:2: 766 daAuts
     D:6: 569 daAuts
  Temple: 144 daAuts
